[Event "Titled Tuesday Blitz May 30 Late 2023"]
[White "Papayan, Oleg"]
[Black "Papasimakopoulos, Alexandros"]
[WhiteFideId "4193911"]
[BlackFideId "4244125"]
[WhiteElo "2171"]
[BlackElo "2359"]
[Result "1-0"]
[Round "11"]
[TimeControl "180+2"]
[Date "2023.05.31"]
[WhiteClock "0:00:12"]
[BlackClock "0:01:04"]

1. e4 c6 2. Nc3 d5 3. Nf3 Bg4 4. Qe2 e6 5. exd5 cxd5 6. Qb5+ Qd7 7. Ne5 Qxb5 8. Bxb5+ Ke7 9. Nxg4 a6 10. Be2 b5 11. d4 Nc6 12. Be3 f6 13. h4 h5 14. Nh2 Kf7 15. a3 Bd6 16. Nf3 Nge7 17. O-O Nf5 18. Rad1 Nce7 19. Bd3 Rac8 20. Ne2 Rcg8 21. Bf4 Bxf4 22. Nxf4 g5 23. hxg5 fxg5 24. Ne5+ Kf6 25. Bxf5 Nxf5 26. Ne2 g4 27. Ng3 Nxd4 28. Rxd4 Kxe5 29. c3 h4 30. Re1+ Kd6 31. Ne4+ Kc6 32. Nf6 Rg6 33. Nxg4 Kd6 34. Ne5 Rf6 35. Ng4 Rg6 36. f3 h3 37. gxh3 Rxh3 38. Kg2 Rh8 39. Rh1 Rxh1 40. Kxh1 Rg8 41. Kg2 Rh8 42. Rd1 a5 43. Rh1 Rb8 44. Kf2 b4 45. axb4 axb4 46. Ke3 bxc3 47. bxc3 Rb3 48. Kd3 Ra3 49. Rh8 Ra1 50. Rd8+ Ke7 51. Rb8 Rd1+ 52. Ke2 Rc1 53. Rb3 Kd6 54. Ne3 Kc5 55. Kd2 Rh1 56. Rb4 Rh3 57. Rf4 Kd6 58. Kd3 Ke5 59. Rf8 Kd6 60. Ng4 Ke7 61. Ra8 Rh1 62. Ke3 Rc1 63. Ra3 Kd6 64. f4 Re1+ 65. Kf3 Rf1+ 66. Kg3 Rg1+ 67. Kf3 Rf1+ 68. Ke3 Re1+ 69. Kf2 Rc1 70. Ne5 Rc2+ 71. Ke3 Rc1 72. Ra6+ Ke7 73. Ra7+ Ke8 74. Rc7 Rd1 75. Nd3 Kd8 76. Ra7 Ke8 77. Kd4 Kf8 78. Rd7 Ke8 79. Rc7 Kd8 80. Ra7 Ke8 81. Ke3 Kd8 82. Ne5 Re1+ 83. Kd4 Re4+ 84. Kc5 Rxf4 85. Kd6 Kc8 86. Nc6 e5 87. Rc7# 1-0


[Site "https://www.chess.com"]

[Event "Titled Tuesday Blitz May 30 Late 2023"]
[White "Le Goff, Ronan"]
[Black "Pakleza, Zbigniew"]
[WhiteFideId "612073"]
[BlackFideId "1119290"]
[WhiteElo "2275"]
[BlackElo "2410"]
[Result "1/2-1/2"]
[Round "11"]
[TimeControl "180+2"]
[Date "2023.05.31"]
[WhiteClock "0:00:10"]
[BlackClock "0:00:05"]

1. d4 a6 2. e4 b6 3. Nf3 e6 4. Bd3 d6 5. O-O c6 6. c4 f6 7. Nc3 Ne7 8. Be3 g6 9. Qe2 h6 10. Rad1 Bg7 11. Rfe1 O-O 12. Bb1 Nd7 13. h3 Kh7 14. Qc2 Bb7 15. Ne2 e5 16. Ng3 Qc7 17. h4 h5 18. b4 Rfd8 19. Rc1 Bh6 20. Bxh6 Kxh6 21. c5 bxc5 22. bxc5 a5 23. Red1 dxc5 24. dxc5 Nf8 25. Qc3 Kg7 26. Nd2 Ba6 27. a3 Ne6 28. Ba2 Nf4 29. Nc4 Bxc4 30. Qxc4 Ng8 31. Ne2 Nxe2+ 32. Qxe2 Nh6 33. f3 Qe7 34. Qc4 f5 35. Rd6 Qxh4 36. Rcd1 fxe4 37. Qe6 Qg5 38. Rd7+ Rxd7 39. Rxd7+ Kh8 40. Qxc6 Rf8 41. Qxe4 Qc1+ 42. Kh2 Qg5 43. c6 h4 44. c7 Rc8 45. Qd5 Qg3+ 46. Kg1 Qe1+ 47. Kh2 Qg3+ 48. Kg1 Qe1+ 49. Kh2 Qg3+ 1/2-1/2


[Site "https://www.chess.com"]

[Event "Titled Tuesday Blitz May 30 Late 2023"]
[White "Arencibia Monduy, Antonio"]
[Black "Golubev, Mikhail"]
[WhiteFideId "3507939"]
[BlackFideId "14100983"]
[WhiteElo "2463"]
[BlackElo "2374"]
[Result "0-1"]
[Round "11"]
[TimeControl "180+2"]
[Date "2023.05.31"]
[WhiteClock "0:00:46"]
[BlackClock "0:00:07"]

1. e4 c5 2. Nf3 d6 3. c3 Nf6 4. Bd3 Nc6 5. h3 g6 6. Bc2 Bg7 7. O-O O-O 8. Re1 e5 9. d4 cxd4 10. cxd4 Nxd4 11. Nxd4 exd4 12. Qxd4 Re8 13. Qd1 d5 14. exd5 Rxe1+ 15. Qxe1 Nxd5 16. Nc3 Nxc3 17. bxc3 Be6 18. Bb3 Rc8 19. Bb2 Bc4 20. Rd1 Qc7 21. Bxc4 Qxc4 22. Qe7 b5 23. Rd8+ Rxd8 24. Qxd8+ Bf8 25. Ba3 h5 26. Qxf8+ Kh7 27. Bb4 Qxa2 28. Qd8 Qe6 29. Bc5 Qe1+ 30. Kh2 Qe5+ 31. g3 Qxc5 32. Qd2 Kg7 33. f4 a5 34. g4 hxg4 35. hxg4 b4 36. cxb4 axb4 37. f5 Qc3 38. Qg5 b3 39. fxg6 Qc2+ 40. Kh3 Qxg6 41. Qe5+ Qf6 42. Qb5 b2 43. g5 Qf3+ 44. Kh4 Qh1+ 45. Kg4 b1=Q 46. Qe5+ Kh7 0-1


[Site "https://www.chess.com"]

[Event "Titled Tuesday Blitz May 30 Late 2023"]
[White "ElDivis"]
[Black "Goffredo_Fofi"]
[WhiteElo "2544"]
[BlackElo "2453"]
[Result "1-0"]
[Round "11"]
[TimeControl "180+2"]
[Date "2023.05.31"]
[WhiteClock "0:00:30"]
[BlackClock "0:00:01"]

1. e4 Nf6 2. e5 Nd5 3. d4 d6 4. c4 Nb6 5. f4 g6 6. Nf3 Bg7 7. Nc3 Be6 8. Bd3 O-O 9. Qe2 dxe5 10. fxe5 c5 11. d5 Bg4 12. Bf4 N8d7 13. O-O e6 14. Rae1 exd5 15. cxd5 c4 16. Bc2 Nc5 17. h3 Bxf3 18. Qxf3 Rc8 19. d6 Nd3 20. Bxd3 cxd3 21. Qxd3 Nc4 22. Nd5 Kh8 23. b3 Nb6 24. Ne7 Rc5 25. Bg5 Qd7 26. Bf6 Bxf6 27. exf6 Rd8 28. Rd1 Nc8 29. Qe3 Rh5 30. g4 Rh4 31. Qg5 Rxh3 32. Kg2 h6 33. Rh1 Qc6+ 34. Kxh3 hxg5 35. Kg3+ 1-0


[Site "https://www.chess.com"]

[Event "Titled Tuesday Blitz May 30 Late 2023"]
[White "Zaitsev, Alexander"]
[Black "Bilan, Danila"]
[WhiteFideId "4164490"]
[BlackFideId "24161918"]
[WhiteElo "2373"]
[BlackElo "2182"]
[Result "1/2-1/2"]
[Round "11"]
[TimeControl "180+2"]
[Date "2023.05.31"]
[WhiteClock "0:00:09"]
[BlackClock "0:00:07"]

1. e4 c6 2. d4 d5 3. Nc3 dxe4 4. Bc4 Nf6 5. f3 e5 6. dxe5 Qxd1+ 7. Kxd1 exf3 8. Nxf3 Ng4 9. Ke2 Bc5 10. h3 Nh6 11. g4 Ng8 12. Ne4 Be7 13. Bg5 Nd7 14. Nd6+ Bxd6 15. exd6 Ngf6 16. Rhe1 O-O 17. Kf1 h6 18. Bxf6 Nxf6 19. Re7 Be6 20. Bxe6 fxe6 21. Kg2 Nd5 22. Rxb7 Nf4+ 23. Kg3 Ne2+ 24. Kg2 Nf4+ 25. Kh2 Nxh3 26. Ne5 Ng5 27. Nxc6 Rf2+ 28. Kg3 Raf8 29. Ne5 Ne4+ 30. Kh3 Re2 31. d7 Ng5+ 32. Kg3 Rxe5 33. Rd1 Nf7 34. Rc7 Rd8 35. Rc8 Kf8 36. Rf1 Ke7 37. Rxf7+ Kxf7 38. Rxd8 Rd5 39. c4 Rd3+ 40. Kf2 Ke7 41. Rg8 Kxd7 42. Rxg7+ Kd6 43. Rxa7 Rd2+ 44. Ke3 Rxb2 45. Kd4 Rg2 46. Ra6+ Kd7 47. Ke5 Rxg4 48. Ra7+ Kc6 49. Kxe6 Rxc4 50. Ra6+ Kb5 51. Ra7 h5 52. Kd5 Rg4 53. Rb7+ Ka4 54. Rb2 Ka3 55. Rh2 h4 56. Ke5 Rg3 57. Rxh4 Kxa2 58. Kf4 Rb3 59. Rh2+ Ka3 60. Re2 Rb4+ 61. Re4 Rxe4+ 62. Kxe4 1/2-1/2


[Site "https://www.chess.com"]

[Event "Titled Tuesday Blitz May 30 Late 2023"]
[White "Mazurkiewicz, Michal"]
[Black "Tissir, Mohamed"]
[WhiteFideId "1124943"]
[BlackFideId "9000240"]
[WhiteElo "2054"]
[BlackElo "2458"]
[Result "1-0"]
[Round "11"]
[TimeControl "180+2"]
[Date "2023.05.31"]
[WhiteClock "0:00:05"]
[BlackClock "0:00:24"]

1. e4 c5 2. Nf3 d6 3. g3 Nc6 4. Bg2 e5 5. O-O Be7 6. d3 h5 7. h3 f5 8. exf5 Bxf5 9. Nh4 Qd7 10. Nxf5 Qxf5 11. Nc3 Nf6 12. Be3 g5 13. a3 g4 14. h4 Nd4 15. Bxd4 cxd4 16. Bxb7 Rb8 17. Bc6+ Kd8 18. Nd5 Nxd5 19. Bxd5 Rf8 20. b4 Rf6 21. Be4 Qe6 22. Qd2 d5 23. Bg2 Kd7 24. c4 dxc3 25. Qxc3 Rc8 26. Qb3 Rf3 27. Rac1 Rxc1 28. Rxc1 Bd6 29. Qa4+ Ke7 30. Qxa7+ Kf6 31. Qh7 Rf5 32. Rc6 e4 33. d4 e3 34. Qh6+ Ke7 35. Qg7+ Rf7 36. Qg5+ Qf6 37. Qxe3+ Kd7 38. Bxd5 Re7 39. Qd2 Qf5 40. Bg2 Qb1+ 41. Rc1 Qb3 42. Qc3 Qxc3 43. Rxc3 Re2 44. Bc6+ Ke7 45. Kf1 Ra2 46. Re3+ Kd8 47. Bd5 Ra1+ 48. Re1 Rb1 49. Rxb1 1-0


[Site "https://www.chess.com"]

[Event "Titled Tuesday Blitz May 30 Late 2023"]
[White "KorolDimitriy75"]
[Black "Garakov, Mikhael"]
[BlackFideId "4169034"]
[WhiteElo "2438"]
[BlackElo "2347"]
[Result "0-1"]
[Round "11"]
[TimeControl "180+2"]
[Date "2023.05.31"]
[WhiteClock "0:00:02"]
[BlackClock "0:00:31"]

1. d4 c5 2. d5 g6 3. c4 Bg7 4. Nf3 d6 5. g3 e6 6. Nc3 Nf6 7. Bg2 exd5 8. cxd5 O-O 9. O-O a6 10. a4 Re8 11. Nd2 Nbd7 12. Nc4 Nb6 13. Na3 Bd7 14. a5 Nc8 15. Nc4 Bb5 16. Qb3 Bxc4 17. Qxc4 b5 18. axb6 Nxb6 19. Qd3 c4 20. Qc2 Nfd7 21. e4 Nc5 22. Be3 Qc7 23. h3 Reb8 24. Kh2 Nbd7 25. f4 Nd3 26. Rab1 Rb3 27. e5 Rab8 28. exd6 Qxd6 29. Ne4 Qc7 30. d6 Qc8 31. Nd2 Rxb2 32. Rxb2 Nxb2 33. Rb1 c3 34. Ne4 Nc4 35. Rxb8 Qxb8 36. Bc1 Nxd6 37. Ng5 h6 38. Nf3 Qc7 39. Qd3 a5 40. Qd5 Nb6 0-1


[Site "https://www.chess.com"]

[Event "Titled Tuesday Blitz May 30 Late 2023"]
[White "Skaric, Djuro"]
[Black "SergioMoralesG"]
[WhiteFideId "934569"]
[WhiteElo "2282"]
[BlackElo "2526"]
[Result "0-1"]
[Round "11"]
[TimeControl "180+2"]
[Date "2023.05.31"]
[WhiteClock "0:00:11"]
[BlackClock "0:00:08"]

1. g3 d5 2. Bg2 Nf6 3. d3 e5 4. Nf3 Nbd7 5. O-O Be7 6. Nc3 O-O 7. h3 d4 8. Ne4 Nxe4 9. dxe4 c5 10. Ne1 Nf6 11. f4 exf4 12. gxf4 Rb8 13. e5 Nd5 14. c4 Nb6 15. b3 Bf5 16. e4 dxe3 17. Bxe3 Qc8 18. Qf3 Qe6 19. Kh2 f6 20. Qg3 Nd7 21. Nf3 Kh8 22. Rae1 fxe5 23. Nxe5 Nxe5 24. fxe5 Rbd8 25. Rf2 b6 26. Ref1 Bd3 27. Rg1 Rxf2 28. Bxf2 Bg6 29. Bd5 Qf5 30. Be3 Rf8 31. Rg2 Qb1 32. Rf2 h5 33. Rxf8+ Bxf8 34. e6 Be7 35. h4 Qxa2+ 36. Bf2 Qb1 37. Qb8+ Kh7 38. Qf4 Qc2 39. Qg3 Bf6 40. Qe3 Bd4 41. Qf3 Qxf2+ 42. Qxf2 Bxf2 43. e7 Be8 44. Kh3 Bd4 45. Kg3 Bf6 46. Be6 Bxe7 47. Kf4 Bxh4 48. Ke5 Bf6+ 49. Kd5 h4 0-1


[Site "https://www.chess.com"]

[Event "Titled Tuesday Blitz May 30 Late 2023"]
[White "Qiao, Cindy"]
[Black "Ladan, Nicholas"]
[WhiteFideId "2620243"]
[BlackFideId "30918855"]
[WhiteElo "1777"]
[BlackElo "2167"]
[Result "1/2-1/2"]
[Round "11"]
[TimeControl "180+2"]
[Date "2023.05.31"]
[WhiteClock "0:00:03"]
[BlackClock "0:00:03"]

1. e4 e5 2. Nf3 Nc6 3. Bb5 a6 4. Ba4 Bc5 5. O-O Nge7 6. c3 Ba7 7. d4 Ng6 8. Bg5 f6 9. Be3 O-O 10. h4 d6 11. Bb3+ Kh8 12. h5 Nge7 13. h6 g6 14. Nbd2 Bg4 15. Qc2 exd4 16. cxd4 d5 17. e5 fxe5 18. Nxe5 Nxe5 19. dxe5 Bxe3 20. fxe3 Qd7 21. Rf6 Rxf6 22. exf6 Nc6 23. Qc5 d4 24. e4 Qd6 25. Qxd6 cxd6 26. Nc4 Rd8 27. Nb6 d3 28. Kh2 Be2 29. Nd5 Ne5 30. Kg3 Ng4 31. Rh1 Rf8 32. f7 Rxf7 33. Ne3 Nxe3 34. Bxf7 d2 35. Bb3 d1=Q 36. Bxd1 Bxd1 37. Kf2 Ng4+ 38. Kg3 Ne3 39. Re1 Kg8 40. Rxe3 Ba4 41. Rf3 Bc6 42. Kf4 Kf7 43. Rc3 Ke6 44. b4 Kf6 45. a3 g5+ 46. Ke3 Kg6 47. Rd3 Kxh6 48. Rxd6+ Kh5 49. e5 h6 50. e6 Kg6 51. e7+ Kf7 52. Rxh6 Kxe7 53. Rg6 Bxg2 54. Rxg5 Bc6 55. Kd4 Kd7 56. Kc5 Kc7 57. Rg7+ Bd7 58. a4 b6+ 59. Kd4 Kc8 60. a5 bxa5 61. bxa5 Bb5 62. Kc5 Kb8 63. Kb6 Kc8 64. Rg8+ Kd7 65. Kb7 Bc6+ 66. Kb6 Bb5 67. Rg1 Kd6 68. Rc1 Kd7 69. Kb7 Kd6 70. Rc3 Kd7 71. Rb3 Bf1 72. Kb6 Kd6 73. Rc3 Kd7 74. Rc5 Be2 75. Re5 Bf1 76. Rf5 Be2 77. Rf2 Bb5 78. Rd2+ Kc8 79. Rd5 Bf1 80. Rd6 Be2 81. Re6 Bf1 82. Rf6 Be2 83. Kc6 Bb5+ 84. Kd6 Be2 85. Rf2 Bb5 86. Kc5 Bd3 87. Kb6 Bb5 88. Rc2+ Kd7 89. Kb7 Kd6 90. Kb6 Kd7 91. Rc5 Bf1 92. Rc7+ Kd6 93. Ra7 Be2 94. Rf7 Bb5 95. Kb7 Bc6+ 96. Kb6 Bb5 97. Rc7 Bf1 98. Rc8 Bb5 99. Rd8+ Ke7 100. Rd2 Bf1 101. Kb7 Bb5 102. Rb2 Bf1 103. Rb6 Kd7 104. Rc6 Bg2 105. Kxa6 Bxc6 106. Kb6 Bh1 107. a6 Bg2 108. a7 Kc8 109. a8=Q+ Bxa8 1/2-1/2


[Site "https://www.chess.com"]

[Event "Titled Tuesday Blitz May 30 Late 2023"]
[White "Ansh M Shah"]
[Black "D`Arruda, Ricardo D."]
[WhiteFideId "25033379"]
[BlackFideId "100692"]
[WhiteElo "2084"]
[BlackElo "2512"]
[Result "1/2-1/2"]
[Round "11"]
[TimeControl "180+2"]
[Date "2023.05.31"]
[WhiteClock "0:00:04"]
[BlackClock "0:01:17"]

1. d4 Nf6 2. c4 e5 3. dxe5 Ne4 4. Nf3 Nc6 5. Nbd2 Nc5 6. a3 Qe7 7. b4 Nxe5 8. e3 Ncd3+ 9. Bxd3 Nxd3+ 10. Ke2 Nxc1+ 11. Rxc1 g6 12. c5 Bg7 13. Qb3 a5 14. Rhd1 axb4 15. axb4 O-O 16. Nc4 d6 17. cxd6 cxd6 18. Nxd6 Be6 19. Qb1 Ra2+ 20. Kf1 Rd8 21. Ne4 Rxd1+ 22. Rxd1 Rb2 23. Qc1 Qxb4 24. Neg5 Bc4+ 25. Kg1 h6 26. Nh3 Be2 27. Qc8+ Kh7 28. Nhg5+ hxg5 29. Nxg5+ Kh6 30. Nxf7+ Kh7 31. Ng5+ Kh6 32. Nf7+ Kh7 33. Ng5+ Kh6 34. Nf7+ 1/2-1/2


[Site "https://www.chess.com"]

[Event "Titled Tuesday Blitz May 30 Late 2023"]
[White "Kujawski, Adam"]
[Black "Liu, Casper"]
[WhiteFideId "1100920"]
[BlackFideId "1454153"]
[WhiteElo "2054"]
[BlackElo "2221"]
[Result "0-1"]
[Round "11"]
[TimeControl "180+2"]
[Date "2023.05.31"]
[WhiteClock "0:00:06"]
[BlackClock "0:00:42"]

1. e4 a6 2. d4 g6 3. Bd3 Bg7 4. Qe2 Bxd4 5. Nf3 Bg7 6. O-O d6 7. e5 Nc6 8. exd6 Qxd6 9. Nc3 Bg4 10. h3 Nd4 11. Qe4 Nxf3+ 12. gxf3 Bxh3 13. Qxb7 Rd8 14. Bxa6 Bd4 15. Ne4 Qe6 16. Qxc7 Qxa6 17. Rd1 Bxf2+ 18. Nxf2 Rxd1+ 19. Kh2 Qf1 20. Nxh3 f6 21. a4 Qxf3 22. Qc8+ Kf7 23. Qc4+ Kg7 24. Bh6+ Nxh6 25. Rxd1 Ng4+ 26. Kg1 Qxd1+ 27. Kg2 Ne3+ 0-1


[Site "https://www.chess.com"]

[Event "Titled Tuesday Blitz May 30 Late 2023"]
[White "Janaszak, Dawid"]
[Black "The_Straightforward_Rook"]
[WhiteFideId "1119206"]
[WhiteElo "2220"]
[BlackElo "2302"]
[Result "1-0"]
[Round "11"]
[TimeControl "180+2"]
[Date "2023.05.31"]
[WhiteClock "0:01:24"]
[BlackClock "0:00:17"]

1. e4 e5 2. Nf3 Nc6 3. Nc3 Nf6 4. Rg1 Bc5 5. g4 d6 6. h3 Be6 7. Bb5 O-O 8. Bxc6 bxc6 9. d4 exd4 10. Nxd4 Re8 11. Be3 Bd7 12. Qf3 Bxd4 13. Bxd4 Nxe4 14. Nxe4 d5 15. O-O-O Rxe4 16. Kb1 Qe7 17. Qc3 f6 18. g5 f5 19. f3 Re6 20. h4 Rb8 21. Bxa7 Rb7 22. Bc5 Qe8 23. a4 f4 24. a5 Re2 25. a6 Rb5 26. a7 Bf5 27. Rc1 Qa8 28. Rge1 Rxe1 29. Rxe1 Kf7 1-0


[Site "https://www.chess.com"]

[Event "Titled Tuesday Blitz May 30 Late 2023"]
[White "Jimenez Almeida, Luis David"]
[Black "Magallanes, Rey Jomar"]
[WhiteFideId "22242244"]
[BlackFideId "5205948"]
[WhiteElo "2245"]
[BlackElo "2298"]
[Result "1-0"]
[Round "11"]
[TimeControl "180+2"]
[Date "2023.05.31"]
[WhiteClock "0:01:51"]
[BlackClock "0:01:02"]

1. e4 c5 2. Nc3 d6 3. g3 Nf6 4. Bg2 g6 5. Nge2 Bg7 6. d4 cxd4 7. Nxd4 O-O 8. O-O Nc6 9. h3 Bd7 10. Be3 Qc8 11. Kh2 a6 12. a4 h5 13. Qd2 h4 14. g4 Bxg4 15. hxg4 Nxg4+ 16. Kg1 Nxd4 17. Bxd4 Bh6 18. Qe2 Ne5 19. f4 Nc6 20. Be3 h3 21. Bf3 e5 22. f5 Bxe3+ 23. Qxe3 Nd4 24. Qh6 gxf5 25. Kh1 f6 26. Qg6+ Kh8 27. Qh6+ Kg8 28. Bh5 Rf7 29. Rg1+ 1-0


[Site "https://www.chess.com"]

[Event "Titled Tuesday Blitz May 30 Late 2023"]
[White "Liu, Kelsey"]
[Black "Seletsky, Grigory"]
[WhiteFideId "30944481"]
[BlackFideId "14112191"]
[WhiteElo "2270"]
[BlackElo "2491"]
[Result "0-1"]
[Round "11"]
[TimeControl "180+2"]
[Date "2023.05.31"]
[WhiteClock "0:00:01"]
[BlackClock "0:01:06"]

1. e4 e6 2. d4 d5 3. Nc3 Nc6 4. Nf3 Nf6 5. e5 Nd7 6. Bb5 a6 7. Bd3 Nb4 8. Be2 c5 9. a3 Nc6 10. Be3 cxd4 11. Bxd4 Nxd4 12. Qxd4 Bc5 13. Qg4 g6 14. O-O h5 15. Qf4 Qe7 16. b4 Ba7 17. Rfd1 Nb6 18. Ng5 Bd7 19. Rd3 Rc8 20. Rf3 Rxc3 21. Rxc3 Qxg5 22. Qxg5 Bc6 23. Qf6 Rg8 24. Rg3 Nd7 25. Qf4 Bb8 26. Rg5 f6 27. Rxg6 Rxg6 28. Bxh5 Kf7 29. Qg3 Nf8 30. f4 f5 31. Bxg6+ Nxg6 32. Qh3 Kg7 33. Rf1 d4 34. Qd3 Ba7 35. g3 Be4 36. Qc4 d3+ 37. Rf2 dxc2 38. Kf1 Bxf2 39. Kxf2 Ne7 40. Qc7 Kf8 41. Qd8+ Kf7 42. Qc7 Ke8 43. h4 Nc6 44. Qc8+ Nd8 45. Qc3 Nc6 46. h5 Kf7 47. Ke1 Kg7 48. Kd2 Kh6 49. Qc5 Kxh5 50. Qf8 Kg4 51. Qg7+ Kf3 52. Qh6 Nd4 53. Qxe6 Nxe6 0-1


[Site "https://www.chess.com"]

[Event "Titled Tuesday Blitz May 30 Late 2023"]
[White "Gatterer, Florian"]
[Black "Cruz, Jonathan"]
[WhiteFideId "811688"]
[BlackFideId "3802124"]
[WhiteElo "2221"]
[BlackElo "2407"]
[Result "0-1"]
[Round "11"]
[TimeControl "180+2"]
[Date "2023.05.31"]
[WhiteClock "0:00:19"]
[BlackClock "0:00:07"]

1. e4 c6 2. d4 d5 3. e5 c5 4. dxc5 Nc6 5. a3 Nxe5 6. b4 e6 7. Bb2 Nd7 8. Nf3 Ngf6 9. c4 dxc4 10. Nbd2 Be7 11. Nxc4 O-O 12. Be2 Nd5 13. g3 Bf6 14. Qc2 a5 15. O-O axb4 16. axb4 Rxa1 17. Bxa1 Nxb4 18. Qb3 Na6 19. c6 bxc6 20. Nce5 Nxe5 21. Nxe5 Nc5 22. Qc2 Bxe5 23. Bxe5 Qd5 24. Ba1 Ba6 25. Bxa6 Nxa6 26. Rd1 Qf3 27. Rd3 Qe4 28. Qc3 f6 29. Rd7 Nb8 30. Rc7 Qd5 31. h4 Nd7 32. h5 Ne5 33. h6 gxh6 34. Qd4 Nf3+ 35. Kf1 Nxd4 0-1


[Site "https://www.chess.com"]

[Event "Titled Tuesday Blitz May 30 Late 2023"]
[White "micke12a"]
[Black "Annaberdiyev, Meylis"]
[BlackFideId "14000563"]
[WhiteElo "2403"]
[BlackElo "2416"]
[Result "0-1"]
[Round "11"]
[TimeControl "180+2"]
[Date "2023.05.31"]
[WhiteClock "0:01:18"]
[BlackClock "0:01:22"]

1. e4 c5 2. Nf3 Nc6 3. d4 cxd4 4. Nxd4 e5 5. Nb5 d6 6. c4 Be6 7. N1c3 a6 8. Na3 g6 9. Be3 Nf6 10. Be2 Bg7 11. O-O O-O 12. Nc2 Rc8 13. f3 Nh5 14. Nd5 Nf4 15. Nxf4 exf4 16. Bxf4 Bxb2 17. Rb1 Be5 18. Bxe5 Nxe5 19. Rxb7 Bxc4 20. Ne3 Be6 21. Qd4 Qa5 22. a4 Nc6 23. Qb6 Qd2 24. Bxa6 Nd4 25. Nd5 Bxd5 26. exd5 Rc2 0-1


[Site "https://www.chess.com"]

[Event "Titled Tuesday Blitz May 30 Late 2023"]
[White "Shapiro, Daniel"]
[Black "Isajevsky, Anton"]
[WhiteFideId "2001780"]
[BlackFideId "4142500"]
[WhiteElo "2367"]
[BlackElo "2510"]
[Result "1-0"]
[Round "11"]
[TimeControl "180+2"]
[Date "2023.05.31"]
[WhiteClock "0:00:50"]
[BlackClock "0:00:02"]

1. d4 e6 2. c4 Bb4+ 3. Bd2 a5 4. Nc3 Nf6 5. Qc2 Nc6 6. Nf3 d6 7. a3 Bxc3 8. Bxc3 a4 9. e3 Qe7 10. O-O-O Bd7 11. h3 Na5 12. e4 Nb3+ 13. Kb1 O-O-O 14. g4 Kb8 15. Bg2 h6 16. Rhe1 Nh7 17. e5 Bc8 18. d5 exd5 19. exd6 Qxd6 20. Rxd5 Qb6 21. Rb5 Qc6 22. Bxg7 Rhg8 23. Nh4 Qd7 24. Qxh7 Qd2 25. Qe4 c6 26. Nf3 1-0


[Site "https://www.chess.com"]

[Event "Titled Tuesday Blitz May 30 Late 2023"]
[White "Dragomirescu, Calin"]
[Black "OPQRC"]
[WhiteFideId "1200895"]
[WhiteElo "2010"]
[BlackElo "2548"]
[Result "0-1"]
[Round "11"]
[TimeControl "180+2"]
[Date "2023.05.31"]
[WhiteClock "0:01:22"]
[BlackClock "0:01:08"]

1. d4 Nf6 2. Nf3 d5 3. c4 e6 4. g3 Bb4+ 5. Bd2 a5 6. Bg2 O-O 7. O-O dxc4 8. Qc2 Bxd2 9. Nbxd2 b5 10. a4 c6 11. Ne5 Ra6 12. e3 Nd5 13. h4 Nd7 14. Ndf3 Nxe5 15. Nxe5 f6 16. Nf3 Qd6 17. Qe4 b4 18. Rac1 c3 19. bxc3 Nxc3 20. Qd3 Rb6 21. h5 Ba6 22. Qc2 Bxf1 23. Bxf1 Qd5 24. Bg2 Qxh5 25. Nh4 Ne2+ 26. Kh2 b3 27. Qc5 Qxc5 0-1


[Site "https://www.chess.com"]

[Event "Titled Tuesday Blitz May 30 Late 2023"]
[White "Padalka, Artem"]
[Black "Balla, Tamas-Kristof"]
[WhiteFideId "14118637"]
[BlackFideId "1208497"]
[WhiteElo "2073"]
[BlackElo "2334"]
[Result "1-0"]
[Round "11"]
[TimeControl "180+2"]
[Date "2023.05.31"]
[WhiteClock "0:02:10"]
[BlackClock "0:00:38"]

1. Nf3 c5 2. c4 Nc6 3. g3 g6 4. Bg2 Bg7 5. O-O e6 6. Nc3 Nge7 7. d4 cxd4 8. Nb5 d5 9. cxd5 exd5 10. Bf4 O-O 11. Nfxd4 Nxd4 12. Nxd4 Nc6 13. Nb5 Be6 14. Nc7 Rc8 15. Nxd5 Bxb2 16. Rb1 Bg7 17. Rxb7 Nd4 18. Ne7+ Kh8 19. Nxc8 Bxc8 20. Rxa7 Qb6 21. Ra8 Qb2 22. e3 Ne6 23. Qc1 1-0


[Site "https://www.chess.com"]

[Event "Titled Tuesday Blitz May 30 Late 2023"]
[White "Botez, Alexandra"]
[Black "Devagharan, Devina"]
[WhiteFideId "2603365"]
[BlackFideId "2061600"]
[WhiteElo "2040"]
[BlackElo "2434"]
[Result "1/2-1/2"]
[Round "11"]
[TimeControl "180+2"]
[Date "2023.05.31"]
[WhiteClock "0:01:13"]
[BlackClock "0:00:19"]

1. d4 d5 2. c4 e6 3. cxd5 exd5 4. Nc3 c6 5. Nf3 Nf6 6. Bg5 Be7 7. e3 O-O 8. Bd3 Nbd7 9. O-O Re8 10. a3 h6 11. Bh4 Ne4 12. Bxe7 Qxe7 13. Bxe4 dxe4 14. Nd2 Nf6 15. b4 Bf5 16. Na4 Rad8 17. Nc5 b6 18. Ncb3 Nd5 19. Qc2 Qg5 20. Kh1 Re6 21. Rg1 Qh4 22. Nf1 Rg6 23. Ng3 Nxe3 24. fxe3 Rxg3 25. Qf2 Rh3 26. g3 Qh5 27. Nd2 Bg4 28. Raf1 Bf3+ 29. Nxf3 exf3 30. g4 Qd5 31. Rg3 Rxg3 32. Qxg3 Re8 33. Qxf3 Rxe3 34. Qxd5 cxd5 35. Rf5 Rxa3 36. Rxd5 Rb3 37. b5 Rb4 38. Kg2 Kf8 39. Kf3 Ke7 40. Ke4 Ke6 41. Re5+ Kd6 42. Rf5 Ke6 43. Re5+ Kd6 44. Rf5 f6 45. Rd5+ Ke6 46. h4 Ke7 47. g5 hxg5 48. hxg5 Rb1 49. gxf6+ gxf6 50. Rh5 Ke6 51. Rh7 Rxb5 52. Rxa7 Rb4 53. Ra8 Kd6 54. Rd8+ Ke6 55. Re8+ Kd6 56. Rd8+ Ke7 57. Rb8 Ke6 58. Re8+ Kd7 59. Rf8 Ke7 60. Rb8 Ke6 61. Re8+ 1/2-1/2


[Site "https://www.chess.com"]

[Event "Titled Tuesday Blitz May 30 Late 2023"]
[White "Harriott, Tyrell"]
[Black "Bringas Gomez, Artai"]
[WhiteFideId "2086484"]
[BlackFideId "24534064"]
[WhiteElo "2107"]
[BlackElo "2179"]
[Result "0-1"]
[Round "11"]
[TimeControl "180+2"]
[Date "2023.05.31"]
[WhiteClock "0:00:21"]
[BlackClock "0:00:26"]

1. d4 d5 2. e3 c6 3. Bd3 Nf6 4. f4 g6 5. Nf3 Bf5 6. O-O Bxd3 7. cxd3 Na6 8. b3 Nc7 9. Bb2 Ne6 10. Ne5 Qc7 11. Nc3 Nd7 12. Na4 f6 13. Nf3 O-O-O 14. b4 Kb8 15. Qb3 Ng7 16. Rfc1 Nf5 17. Re1 e6 18. Rac1 a6 19. Nc5 Re8 20. a4 Nd6 21. Ba3 Bg7 22. Rc2 e5 23. dxe5 fxe5 24. fxe5 Nxe5 25. Nd4 Bh6 26. b5 Ng4 27. bxa6 Bxe3+ 28. Rxe3 Rxe3 29. Rc1 Nb5 30. Nd7+ Qxd7 31. axb5 Qc7 32. Nxc6+ Ka8 33. axb7+ Kxb7 34. Na5+ Kb6 35. Bc5+ Qxc5 36. d4 Qxc1+ 0-1


[Site "https://www.chess.com"]

[Event "Titled Tuesday Blitz May 30 Late 2023"]
[White "Kielinkei"]
[Black "Florianovitz, Derlei Alex"]
[BlackFideId "2114178"]
[WhiteElo "2469"]
[BlackElo "1953"]
[Result "1-0"]
[Round "11"]
[TimeControl "180+2"]
[Date "2023.05.31"]
[WhiteClock "0:00:29"]
[BlackClock "0:00:08"]

1. e4 e6 2. Nf3 d5 3. e5 c5 4. b4 cxb4 5. a3 b3 6. cxb3 Nh6 7. d4 Nf5 8. Bd3 Nc6 9. Bxf5 exf5 10. O-O Be7 11. Nc3 Be6 12. Ne2 g5 13. Qd3 g4 14. Ne1 h5 15. Nf4 h4 16. Nc2 Rc8 17. Ne3 Qd7 18. Bd2 Rg8 19. Rfc1 a6 20. b4 Bg5 21. Nfxd5 Bxd5 22. Nxf5 Bxd2 23. Nd6+ Qxd6 24. exd6 Bxc1 25. Rxc1 Kd7 26. b5 Nb4 27. Qf1 Rxc1 28. Qxc1 Nd3 29. Qc7+ Ke6 30. d7 h3 31. d8=Q Rxd8 32. Qxd8 axb5 33. Qe8+ Kf5 34. Qxb5 Ke4 35. f3+ Kxd4 36. Qb6+ Nc5 37. Qb4+ Bc4 38. fxg4 hxg2 39. Kxg2 b5 40. h4 Nd3 41. Qd6+ Ke3 42. h5 Nf4+ 43. Kg3 Ne2+ 44. Kh4 Nd4 45. Qe5+ Kd2 46. Qxd4+ 1-0


[Site "https://www.chess.com"]